 Dungeon Sprint DCSS version 0.23.2-1-ga50397a6bc (webtiles) character file.

Game seed: 3128889238012304857

10878 Kobolds4U the Unseen (level 11, -2/48 HPs)
             Began as a Spriggan Assassin on May 21, 2019.
             Was the Champion of Dithmenos.
             Engulfed by a cloud of steam (5 damage)
             ... in the Dungeon (Sprint I: "Red Sonja").
             The game lasted 00:15:08 (2291 turns).

Kobolds4U the Unseen (Spriggan Assassin)            Turns: 2291, Time: 00:15:08

Health: -2/48      AC:  5    Str:  1 (3)  XL:     11   Next: 42%
Magic:  16/16      EV: 22    Int: 10      God:    Dithmenos [******]
Gold:   562        SH:  0    Dex: 16      Spells: 10/10 levels left

rFire    . . .     SeeInvis +   a - +2 dagger
rCold    . . .     Gourm    .   (shield restricted)
rNeg     . . .     Faith    .   u - +0 troll leather armour
rPois    .         Spirit   .   (helmet restricted)
rElec    .         Reflect  .   v - +2 cloak {+Inv}
rCorr    .         Harm     .   (gloves unavailable)
MR       +++..     Rnd*Rage +   (boots unavailable) Stlth ++++++++++NoTele +
                                (no amulet)
HPRegen  0.56/turn              B - ring of protection from magic
MPRegen  0.15/turn              (no ring)

@: wreathed by umbra, very quick
A: very small, unfitting armour, see invisible, berserk 1, clumsy 2, deformed
body, deterioration 2, dopey 2, herbivore, speed 3, frail 2, low mp 2, magic
resistance 1, screaming 1, inhibited regeneration, slow metabolism 2, weak 2, no
potion heal 1, subdued magic 1
a: Shadow Step, Shadow Form, Renounce Religion, Evoke Invisibility


You were in the Dungeon.
You worshipped Dithmenos.
Dithmenos was exalted by your worship.
You were not hungry.

You visited 1 branch You collected 1147 gold pieces.
You spent 585 gold pieces at shops.

Inventory:

Hand Weapons
 a - a +2 dagger (weapon)
 b - a +6 blowgun
 r - a +0 shortbow
Missiles
 e - 8 poisoned needles
 f - 8 curare-tipped needles
 s - 49 arrows
Armour
 c - a +0 robe
 d - a +0 cloak
 o - a +2 robe of cold resistance
 u - a +0 troll leather armour (worn)
 v - a +2 cloak of invisibility (worn)
Jewellery
 B - a ring of protection from magic (left hand)
Wands
 n - a wand of flame (9)
 y - a wand of enslavement (9)
 A - a wand of digging (9)
Scrolls
 i - a scroll of identify {unknown}
 m - a scroll of blinking
 p - a scroll of random uselessness {unknown}
 w - a scroll of summoning
 x - a scroll of enchant weapon
 z - a scroll of fog
Potions
 h - 6 potions of curing
 j - a potion of haste
 k - 2 potions of magic
 l - a potion of berserk rage
 q - a potion of invisibility {unknown}
 t - a potion of agility {unknown}
Comestibles
 g - 2 rations


   Skills:
 + Level 8.7 Fighting
 - Level 12.4 Short Blades
 - Level 10.0 Throwing
 - Level 17.4 Dodging
 - Level 18.7 Stealth
 + Level 10.2 Invocations
 + Level 11.9 Evocations


You had 10 spell levels left.
You didn't know any spells.
Your spell library was empty.

Dungeon Overview and Level Annotations

Branches:
Dungeon (1/1)

Altars:
Cheibriados
Dithmenos
Elyvilon
Fedhas
Gozag
Hepliaklqana
Kikubaaqudgha
Makhleb
Nemelex Xobeh
Okawaru
Qazlal
Ru
Sif Muna
Trog
Uskayaw
Vehumet
Wu Jian
Xom
Yredelemnul
Zin
The Shining One
Jiyva
Lugonu

Shops:
D ?([

Annotations:
D exclusion: oklob plant


Innate Abilities, Weirdness & Mutations

You are very small and have problems with some larger weapons.
You are too small for most types of armour.
You have supernaturally acute eyesight. (SInv)
You are a herbivore.
You cover ground extremely quickly.
You need to consume almost no food.
You tend to lose your temper in combat.
You are very clumsy. (Dex -4)
Armour fits poorly on your strangely shaped body.
Your body often deteriorates upon taking damage.
You are very dopey. (Int -4)
You are very frail. (-20% HP)
Your magical capacity is very low. (-20% MP)
You are resistant to hostile enchantments. (MR+)
You occasionally shout uncontrollably at your foes.
You do not regenerate when monsters are visible.
You are very weak. (Str -4)
Potions are less effective at restoring your health.
Your spells are a little easier to cast, but a little less powerful.


Message History

You hit the hellwing but do no damage.
Your shadow hits the hellwing but does no damage.
You are engulfed in a cloud of scalding steam.
* * * LOW HITPOINT WARNING * * *
You are engulfed in a cloud of scalding steam.
* * * LOW HITPOINT WARNING * * *
The hellwing is engulfed in a cloud of scalding steam.
You see here 27 gold pieces.
Unknown command.
You are engulfed in a cloud of scalding steam.
You see here 27 gold pieces.
You are engulfed in a cloud of scalding steam.
* * * LOW HITPOINT WARNING * * *
Found 27 gold pieces.
You see here 13 gold pieces.
You are engulfed in a cloud of scalding steam.
* * * LOW HITPOINT WARNING * * *
You see here 27 gold pieces.
You are engulfed in a cloud of scalding steam.
You die...

#################
.§§§§+..#^§'$$§§#
§§..##..+§§#§4§§##
§§§#######§#§§§§§#
##§# ?$##§§#$§§§§#
y#§##$$$#..##$§§@#
##§§###$#..≈###+##
$##.#A#$#..≈
.#..###$#.m≈e
##x##..$# .≈#
#..#+### ##...#
###.# x#


There were no monsters in sight!

Vanquished Creatures
  A hydra (D)
  2 centaur warriors (D)
  Sonja (D)
  A deep troll (D)
  2 unseen horrors (D)
  A lindwurm (D)
  4 shining eyes (D)
  A gargoyle (D)
  4 demonic crawlers (D)
  2 kobold demonologists (D)
  A hornet (D)
  A slime creature (D)
  Sigmund (D)
  A yak (D)
  13 hogs (D)
  6 floating eyes (D)
  An ogre (D)
  A jelly (D)
  Ijyb (D)
  4 ballistomycetes (D)
  A ballistomycete spore (D)
50 creatures vanquished.

Vanquished Creatures (others)
  A gargoyle (D)
  A ballistomycete spore (D)
2 creatures vanquished.

Grand Total: 52 creatures vanquished

Notes
Turn   | Place    | Note
-------+----------+-------------------------------------------
     0 | D        | Kobolds4U the Spriggan Assassin began the quest for the
                  | Orb.
     0 | D        | Reached XP level 1. HP: 10/10 MP: 2/2
     1 | D        | Noticed Ijyb
     4 | D        | Killed Ijyb
     4 | D        | Reached skill level 10 in Stealth
     4 | D        | Reached XP level 2. HP: 14/14 MP: 3/3
     6 | D        | Noticed an ogre
     9 | D        | Killed an ogre
     9 | D        | Reached skill level 14 in Stealth
     9 | D        | Reached XP level 3. HP: 18/18 MP: 4/4
     9 | D        | Reached XP level 4. HP: 22/22 MP: 5/5
    18 | D        | Noticed Sigmund
    21 | D        | Killed Sigmund
    21 | D        | Reached skill level 18 in Stealth
    21 | D        | Reached XP level 5. HP: 25/25 MP: 6/6
    21 | D        | Reached XP level 6. HP: 30/30 MP: 7/7
    53 | D        | Found an ornate altar of the Wu Jian Council.
    53 | D        | Found a deep blue altar of Sif Muna.
    55 | D        | Found a radiant altar of Vehumet.
    91 | D        | Found Yrghituf's Weapon Emporium.
    91 | D        | Found an ancient bone altar of Kikubaaqudgha.
    91 | D        | Found a hazy altar of Hepliaklqana.
    91 | D        | Found a stormy altar of Qazlal.
    91 | D        | Found a hide-covered altar of Uskayaw.
    91 | D        | Found a blossoming altar of Fedhas.
    91 | D        | Found a bloodstained altar of Trog.
    91 | D        | Found an iron altar of Okawaru.
    91 | D        | Found a basalt altar of Yredelemnul.
    91 | D        | Found a glowing golden altar of the Shining One.
    91 | D        | Found a snail-covered altar of Cheibriados.
    91 | D        | Found a sacrificial altar of Ru.
    91 | D        | Found a glowing silver altar of Zin.
    91 | D        | Found a shadowy altar of Dithmenos.
    91 | D        | Found a white marble altar of Elyvilon.
    91 | D        | Noticed a yak
    92 | D        | Found an opulent altar of Gozag.
    93 | D        | Killed a yak
    93 | D        | Reached skill level 5 in Short Blades
    94 | D        | Found a sparkling altar of Nemelex Xobeh.
   100 | D        | Became a worshipper of Dithmenos the Shadowed
   113 | D        | Found a viscous altar of Jiyva.
   113 | D        | Found a corrupted altar of Lugonu.
   113 | D        | Noticed a slime creature
   114 | D        | Found a burning altar of Makhleb.
   114 | D        | Found a shimmering altar of Xom.
   116 | D        | Killed a slime creature
   116 | D        | Reached XP level 7. HP: 33/33 MP: 8/8
   125 | D        | Noticed a centaur warrior
   125 | D        | Noticed a centaur warrior
   126 | D        | Killed a centaur warrior
   126 | D        | Reached skill level 10 in Short Blades
   126 | D        | Reached XP level 8. HP: 37/37 MP: 9/9
   127 | D        | Killed a centaur warrior
   127 | D        | Reached * piety under Dithmenos
   143 | D        | Noticed a hornet
   146 | D        | Killed a hornet
   146 | D        | Reached skill level 15 in Dodging
   146 | D        | Reached XP level 9. HP: 41/41 MP: 10/10
   158 | D        | Noticed an oklob plant
   371 | D        | Noticed a kobold demonologist
   372 | D        | Noticed a kobold demonologist
   376 | D        | Killed a kobold demonologist
   376 | D        | Reached ** piety under Dithmenos
   378 | D        | Killed a kobold demonologist
   378 | D        | Reached skill level 5 in Throwing
   385 | D        | Noticed a demonic crawler
   385 | D        | Noticed a demonic crawler
   385 | D        | Noticed a demonic crawler
   385 | D        | Noticed a demonic crawler
   387 | D        | Killed a demonic crawler
   388 | D        | Killed a demonic crawler
   388 | D        | Reached *** piety under Dithmenos
   390 | D        | Killed a demonic crawler
   391 | D        | Killed a demonic crawler
   401 | D        | Noticed a gargoyle
   412 | D        | Noticed a lindwurm
   414 | D        | Killed a lindwurm
   414 | D        | Reached skill level 5 in Fighting
   414 | D        | Reached XP level 10. HP: 51/51 MP: 10/12
   434 | D        | Reached **** piety under Dithmenos
   440 | D        | Reached ***** piety under Dithmenos
   488 | D        | Reached skill level 10 in Throwing
   488 | D        | Reached skill level 1 in Evocations
   566 | D        | Killed a gargoyle
   577 | D        | Reached skill level 5 in Invocations
   606 | D        | Reached skill level 5 in Evocations
   864 | D        | Noticed a 12-headed hydra
   866 | D        | Killed a 12-headed hydra
   886 | D        | Noticed a daeva
   889 | D        | Noticed an unseen horror
   889 | D        | Noticed an unseen horror
   889 | D        | Noticed an unseen horror
   890 | D        | Noticed an unseen horror
   907 | D        | Noticed an unseen horror
   948 | D        | Killed an unseen horror
   979 | D        | Killed an unseen horror
   979 | D        | Reached ****** piety under Dithmenos
   981 | D        | HP: 1/53 [unseen horror (12)]
  1306 | D        | Killed a gargoyle
  1306 | D        | Reached XP level 11. HP: 58/58 MP: 17/19
  1375 | D        | Noticed a lorocyproca
  1654 | D        | Noticed a deep troll
  1656 | D        | Killed a deep troll
  1681 | D        | Found Optops's Armour Emporium.
  1686 | D        | Bought a +1 cloak of invisibility for 214 gold pieces
  1705 | D        | Noticed Sonja
  1708 | D        | Killed Sonja
  1708 | D        | Reached skill level 10 in Evocations
  1727 | D        | Found Bumov's Magic Scroll Boutique.
  1735 | D        | Bought a scroll of summoning for 133 gold pieces
  1735 | D        | Bought a scroll of enchant weapon for 105 gold pieces
  1735 | D        | Bought a scroll of enchant armour for 105 gold pieces
  1735 | D        | Bought a scroll of fog for 28 gold pieces
  1936 | D        | Noticed a shining eye
  1936 | D        | Noticed a shining eye
  1936 | D        | Noticed a shining eye
  1936 | D        | Noticed a shining eye
  1936 | D        | Noticed a shining eye
  1936 | D        | Noticed a shining eye
  1939 | D        | Noticed a shining eye
  1939 | D        | Noticed a shining eye
  1944 | D        | Gained mutation: You tend to lose your temper in combat. [a
                  | shining eye]
  1946 | D        | Killed a shining eye
  1947 | D        | Lost mutation: You tend to lose your temper in combat. [a
                  | shining eye]
  1947 | D        | Paralysed by a floating eye for 2 turns
  1949 | D        | Gained mutation: You do not regenerate when monsters are
                  | visible. [a shining eye]
  1950 | D        | Killed a shining eye
  1950 | D        | Gained mutation: You are clumsy. (Dex -2) [a shining eye]
  1956 | D        | Paralysed by a floating eye for 3 turns
  1961 | D        | Killed a shining eye
  1963 | D        | Killed a shining eye
  1963 | D        | Reached skill level 10 in Invocations
  1968 | D        | Gained mutation: You are dopey. (Int -2) [a shining eye]
  1971 | D        | Gained mutation: You are weak. (Str -2) [a shining eye]
  1972 | D        | Paralysed by a floating eye for 3 turns
  1972 | D        | Gained mutation: You are very weak. (Str -4) [a shining
                  | eye]
  1973 | D        | Gained mutation: Your spells are a little easier to cast,
                  | but a little less powerful. [a shining eye]
  1974 | D        | Gained mutation: You are robust. (+10% HP) [a shining eye]
  1975 | D        | Gained mutation: Potions are less effective at restoring
                  | your health. [a shining eye]
  1977 | D        | Gained mutation: You are resistant to hostile enchantments.
                  | (MR+) [a shining eye]
  1978 | D        | Lost mutation: You are robust. (+10% HP) [a shining eye]
  1981 | D        | Paralysed by a floating eye for 3 turns
  1982 | D        | Gained mutation: Your body sometimes deteriorates upon
                  | taking damage. [a shining eye]
  1983 | D        | Gained mutation: Your magical capacity is low. (-10% MP) [a
                  | shining eye]
  1984 | D        | Gained mutation: Armour fits poorly on your strangely
                  | shaped body. [a shining eye]
  1985 | D        | Gained mutation: Your body often deteriorates upon taking
                  | damage. [a shining eye]
  1986 | D        | Gained mutation: You occasionally shout uncontrollably at
                  | your foes. [a shining eye]
  1988 | D        | Gained mutation: You are very dopey. (Int -4) [a shining
                  | eye]
  1988 | D        | Gained mutation: You are very clumsy. (Dex -4) [a shining
                  | eye]
  1990 | D        | Gained mutation: You are frail. (-10% HP) [a shining eye]
  1993 | D        | Gained mutation: You tend to lose your temper in combat. [a
                  | shining eye]
  1996 | D        | Gained mutation: Your magical capacity is very low. (-20%
                  | MP) [a shining eye]
  1998 | D        | Gained mutation: You are very frail. (-20% HP) [a shining
                  | eye]
  2270 | D        | Noticed a deep elf annihilator
  2291 | D        | Engulfed by a cloud of steam

Skill      XL: |  1  2  3  4  5  6  7  8  9 10 11 |
---------------+----------------------------------+-----
Stealth        | 10 14 18 | 18.7
Short Blades   | 7 10 12 | 12.4
Dodging        | 9 12 15 17 | 17.4
Fighting       | 5 7 8 |  8.7
Throwing       | 8 10 | 10.0
Invocations    | 2 8 10 | 10.2
Evocations     | 9 11 | 11.9

Action                   |  1- 3 |  4- 6 |  7- 9 | 10-12 || total
-------------------------+-------+-------+-------+-------++-------
Melee: Dagger            |     2 |     4 |    43 |   318 ||   367
Evoke: Wand              |       |       |       |    13 ||    13
  Use: Scroll            |       |       |     1 |     1 ||     2
       Potion            |       |       |       |     1 ||     1
 Stab: Sleeping          |     2 |     4 |    11 |    18 ||    35
Armor: Robe              |       |       |       |     6 ||     6
       Troll leather arm |       |       |       |     2 ||     2
Dodge: Dodged            |       |       |     3 |   231 ||   234
